 Dungeon Crawl Stone Soup version 0.28-a0-883-gc8d7bad45d (webtiles) character file.

Game seed: 14028879390033490442

1135 bande the Covered (level 8, -4/49 HPs)
             Began as a Gargoyle Fighter on Nov 21, 2021.
             Slain by a two-headed ogre (12 damage)
             ... on level 5 of the Dungeon.
             The game lasted 00:08:54 (5543 turns).

bande the Covered (Gargoyle Fighter)                Turns: 5543, Time: 00:08:54

Health: -4/49      AC: 17    Str: 20    XL:     8   Next: 36%
Magic:  8/8        EV: 15    Int: 10    God:
Gold:   156        SH:  5    Dex: 10    Spells: 7/7 levels left

rFire   . . .      SeeInvis .   h - +2 hand axe (elec)
rCold   . . .      Faith    .   c - +1 buckler
rNeg    + . .      Spirit   .   n - +0 chain mail
rPois   ∞          Reflect  .   (no helmet)
rElec   +          Harm     .   (no cloak)
rCorr   .          Rampage  .   m - +0 pair of gloves
Will    .....                   (no boots)
Stlth   ..........              (no amulet)
HPRegen 0.16/turn               e - +4 ring of evasion
MPRegen 0.11/turn               q - +4 ring of evasion

@: no status effects
A: sickness immunity, AC +5, negative energy resistance 1, electricity
resistance, torment resistance 1, petrification resistance
a: no special abilities


You were on level 5 of the Dungeon.
You visited 1 branch of the dungeon, and saw 5 of its levels.
You also visited: Sewer.

You collected 156 gold pieces.

Inventory:

Hand Weapons
 a - a +1 war axe of freezing
 b - a +6 flail of protection
 h - a +2 hand axe of electrocution (weapon)
 k - a +0 flail
Armour
 c - a +1 buckler (worn)
 m - a +0 pair of gloves (worn)
 n - a +0 chain mail (worn)
Jewellery
 e - a +4 ring of evasion (left hand)
 q - a +4 ring of evasion (right hand)
Wands
 l - a wand of paralysis (7)
Scrolls
 p - a scroll of fear
Potions
 d - a potion of might
 f - 2 potions of magic
 g - a potion of flight
 i - 5 potions of haste
 o - a potion of mutation {unknown}


   Skills:
 + Level 5.0 Fighting
 + Level 5.6 Axes
 + Level 6.4 Armour
 + Level 4.7 Shields
 * Level 2.7 Evocations


You had 7 spell levels left.
You didn't know any spells.
Your spell library contained the following spells:

 Spells                   Type           Power      Damage    Failure   Level
 Scorch                   Fire           0%         2d5       99%         2
 Gell's Gravitas          Tloc           0%         N/A       100%        3
 Teleport Other           Tloc           0%         N/A       100%        3
 Animate Dead             Necr           0%         N/A       100%        4
 Flame Wave               Conj/Fire      0%         3d3       100%        4
 Borgnjor's Vile Clutch   Necr/Erth      0%         N/A       100%        5
 Summon Forest            Summ/Tloc      0%         N/A       100%        5
 Death Channel            Necr           0%         N/A       100%        6
 Dispersal                Tloc           0%         N/A       100%        6
 Eringya's Noxious Bog    Tmut/Pois      0%         N/A       100%        6
 Summon Cactus Giant      Summ           0%         N/A       100%        6
 Summon Hydra             Summ           0%         N/A       100%        7


Dungeon Overview and Level Annotations

Branches:
Dungeon (5/15)              Sewer (visited)
 Temple: D:4-7

Altars:
Gozag
Makhleb
Yredelemnul

Shops:
D:3 =


Innate Abilities, Weirdness & Mutations

You are immune to sickness and miasma.
Your stone body is resilient. (AC +5)
You are immune to poison.
You resist negative energy. (rN+)
You are resistant to electric shocks. (rElec)
You are resistant to unholy torment.
You are immune to petrification.


Message History

Unknown command.
You hit the orc wizard.
Lightning courses through the orc wizard!
You kill the orc wizard!
A two-headed ogre comes into view.
It is wielding a +0 giant club and a +0 giant spiked club.
Things that are here:
a +0 dagger; a +0 robe
There is a stone staircase leading up here.
You climb upwards.
There is a stone staircase leading down here.
Things that are here:
a +0 scale mail; the human corpse of Edmund You start resting.
You start resting.
HP restored.
You start waiting.
Done waiting.
You climb downwards.
The two-headed ogre hits you with a +0 giant club!
The two-headed ogre closely misses you.
The two-headed ogre hits you but does no damage.
The two-headed ogre misses you.
There is a stone staircase leading up here.
You hit the two-headed ogre.
The two-headed ogre is lightly wounded.
You slash the two-headed ogre!
The two-headed ogre is moderately wounded.
You block the two-headed ogre's attack.
The two-headed ogre hits you with a +0 giant spiked club.
You hit the two-headed ogre.
The two-headed ogre is moderately wounded.
The two-headed ogre misses you.
The two-headed ogre hits you with a +0 giant spiked club!!
Ouch! That really hurt!
* * * LOW HITPOINT WARNING * * *
You hit the two-headed ogre.
Lightning courses through the two-headed ogre!
The two-headed ogre is heavily wounded.
The two-headed ogre hits you with a +0 giant club!
You die...

#... #...##
#..#.#
#..#:##
##...#.#
#.....# #
#...O##...#
#[@.......
#..)[..###..
.......####
.....#.##
.....#. ....
.. ... .#.
....##.


You could see a two-headed ogre.

Vanquished Creatures
  Edmund (D:4)
  A water moccasin (Sewer)
  An ice beast (D:4)
  A black bear (D:4)
  A necrophage (D:4)
  2 scorpions (D:4)
  A killer bee (D:4)
  A wight (D:4)
  A howler monkey (D:4)
  2 hounds (D:4)
  An orc priest (D:5)
  3 orc wizards
  A scorpion zombie (D:3)
  2 river rats (D:3)
  5 adders
  4 gnolls (D:4)
  An adder zombie (D:3)
  2 worms
  A dart slug (D:2)
  14 orcs
  9 ball pythons
  5 bats
  5 endoplasms
  4 giant cockroaches
  8 goblins
  4 hobgoblins
  10 jackals
  5 quokkas
  3 frilled lizards (D:2)
  11 kobolds
  3 rats (D:3)
113 creatures vanquished.

Vanquished Creatures (others)
  6 plants (D:2)
6 creatures vanquished.

Grand Total: 119 creatures vanquished

Notes
Turn   | Place    | Note
-------+----------+-------------------------------------------
     0 | D:1      | bande the Gargoyle Fighter began the quest for the Orb.
     0 | D:1      | Reached XP level 1. HP: 14/14 MP: 1/1
   341 | D:1      | Reached XP level 2. HP: 19/19 MP: 2/2
   778 | D:1      | Reached XP level 3. HP: 23/23 MP: 3/3
  1846 | D:2      | Found an opulent altar of Gozag.
  1914 | D:2      | Reached XP level 4. HP: 29/29 MP: 4/4
  2093 | D:3      | Reached skill level 4 in Armour
  2286 | D:3      | Reached XP level 5. HP: 28/33 MP: 5/5
  2464 | D:3      | Found a burning altar of Makhleb.
  2527 | D:3      | Found a glowing drain.
  2541 | Sewer    | Entered a sewer
  2629 | Sewer    | Noticed a water moccasin
  2647 | Sewer    | Killed a water moccasin
  2648 | Sewer    | Reached XP level 6. HP: 19/38 MP: 6/6
  3168 | D:3      | Found Yryples's Jewellery Shoppe.
  3453 | D:3      | Found a basalt altar of Yredelemnul.
  3780 | D:4      | Reached skill level 5 in Armour
  3780 | D:4      | Noticed a necrophage
  3795 | D:4      | Killed a necrophage
  3796 | D:4      | Reached skill level 1 in Evocations
  3796 | D:4      | Reached XP level 7. HP: 29/44 MP: 7/7
  4429 | D:4      | Reached skill level 5 in Axes
  5066 | D:5      | Entered Level 5 of the Dungeon
  5076 | D:4      | Reached skill level 6 in Armour
  5076 | D:4      | Reached XP level 8. HP: 48/48 MP: 8/8
  5077 | D:5      | Noticed Edmund
  5095 | D:4      | Killed Edmund
  5285 | D:5      | Reached skill level 5 in Fighting
  5287 | D:5      | Noticed a two-headed ogre
  5543 | D:5      | Slain by a two-headed ogre

Illustrated notes

Levels and vault maps discovered:
D:1:      mrwooster_arrival_statue, layout_loops_ring
D:2:      layout_basic, basic_altar, serial_bayou_pond_c, st_stairs_12
D:3:      layout_basic, mainiacjoe_overflow_tiny_flanked,
          lemuel_zombie_altar_yredelemnul, serial_shops,
          nicolae_shop_advertising_works [nicolae_subvault_shop_adworks],
          gup_sewer_entry_bubbles, grunt_ministairs_9, st_stairs_13
D:4:      layout_loops_ring, nrook_loot_triangle, minmay_small_thing
D:5:      due_chaos_kobolds, layout_cave_pools, minmay_manual_mess, uniq_edmund,
          uniq_sigmund, uniq_crazy_yiuf_cottage

Skill      XL: |  1  2  3  4  5  6  7  8 |
---------------+-------------------------+-----
Axes           | 2 3 4 5 |  5.6
Armour         | 4 5 6 |  6.4
Fighting       | 4 5 |  5.0
Shields        | 4 |  4.7
Evocations     | 1 2 |  2.7

Action                   |  1- 3 |  4- 6 |  7- 9 || total
-------------------------+-------+-------+-------++-------
Melee: War axe           |    28 |       |       ||    28
       Hand axe          |    40 |   160 |   113 ||   313
  Use: Scroll            |     1 |     8 |     2 ||    11
Armor: Scale mail        |    26 |    46 |       ||    72
       Chain mail        |       |    12 |    51 ||    63
Dodge: Dodged            |    36 |    75 |    82 ||   193
Block: Buckler           |    17 |    32 |    27 ||    76

Table legend: (Time is in decaauts)
 A = Elapsed time spent in this place.
 B = Non-inter-level travel time spent in this place.
 C = Inter-level travel time spent in this place.
 D = Time resting spent in this place.
 E = Time spent auto-exploring this place.
 F = Levels seen in this place.
 G = Mean time per level.
                   A        B        C        D        E       F      G
               +--------+--------+--------+--------+--------+-----+--------+
         Total |   5639 |   5639 |      0 |   1346 |   3301 |   6 |  939.8 |
       Dungeon |   5115 |   5115 |      0 |    988 |   3190 |   5 | 1023.0 |
         Sewer |    524 |    524 |      0 |    358 |    111 |   1 |  524.0 |
               +--------+--------+--------+--------+--------+-----+--------+

Top non-repeatable levels by time:
     D:4: 2023 daAuts
     D:1: 1376 daAuts
     D:3: 946 daAuts
     D:2: 736 daAuts
   Sewer: 524 daAuts
     D:5: 32 daAuts
